 Dungeon Crawl Stone Soup version 0.32-a0-938-g40ac7a0f4d (console) character file.

Game seed: 15554975287564715388

151 petzl the Sneak (level 5, -5/38 (41) HPs)
             Began as a Formicid Delver on Apr 15, 2024.
             Slain by a wight
             ... wielding a +4 battleaxe
              (8 damage)
             ... on level 9 of the Dungeon.
             The game lasted 00:13:43 (2103 turns).

petzl the Sneak (Formicid Delver)                   Turns: 2103, Time: 00:13:43

HP:   -5/38 (41)    AC:  9    Str: 16    XL:     5   Next: 60%
MP:   12/12         EV: 10    Int: 18    God:
Gold: 128           SH:  0    Dex: 15    Spells: 13/13 levels left

rFire   . . .        s - +0 trident (flame)
rCold   . . .        (no shield)
rNeg    . . .        u - +0 ring mail
rPois   .            (helmet unavailable)
rElec   .            (no cloak)
rCorr   .            (no gloves)
SInv    +            (no boots)
Will    .....        (no amulet)
Stlth   +++          o - +4 ring of protection
HPRegen 0.26/turn    q - +6 ring of intelligence
MPRegen 0.13/turn

%: no passive effects
@: drained
A: permanent stasis, dig shafts and tunnels, antennae 3, four strong arms
a: Dig, Shaft Self


You were on level 9 of the Dungeon.
You visited 1 branch of the dungeon, and saw 7 of its levels.

You collected 128 gold pieces.

Inventory:

Hand Weapons
 a - a +0 mace
 r - a +0 flail
 s - a +0 trident of flaming (weapon)
Missiles
 n - 3 darts of dispersal
Armour
 b - a +0 leather armour
 t - a +0 buckler of cold resistance
 u - a +0 ring mail (worn)
Jewellery
 o - a +4 ring of protection (left hand)
 q - a +6 ring of intelligence (right hand)
Wands
 f - a wand of digging (2)
 p - a wand of flame (1)
Scrolls
 c - a scroll of fog
 d - a scroll of revelation
 e - a scroll of immolation {unknown}
 i - a scroll of poison {unknown}
 j - 2 scrolls of teleportation {unknown}
 l - a scroll of identify {unknown}
 m - a scroll of enchant weapon {unknown}
Potions
 g - a potion of attraction {unknown}
 h - a potion of berserk rage {unknown}
 k - a potion of curing {unknown}


   Skills:
 - Level 3.2 Fighting
 - Level 2.0 Maces & Flails
 + Level 0.0 Armour
 - Level 1.7 Dodging
 - Level 6.0 Stealth
 + Level 0.0 Shields
 + Level 4.8 Spellcasting


You had 13 spell levels left.
You didn't know any spells.
Your spell library was empty.

Dungeon Overview and Level Annotations

Branches:
Dungeon (10/15)
 Temple: D:4-7         Lair: D:8-11         Orc: D:9-12

Altars:
Cheibriados
Elyvilon

Annotations:
D:5 exclusion: downstairs
D:7 exclusions: sensed monster (detected) and sky beast
D:8 exclusion: upstairs
D:9 exclusions: door and yak


Innate Abilities, Weirdness & Mutations

You cannot be hasted, slowed, berserked, paralysed or teleported.
You can dig through walls and to a lower floor.
You have a pair of large antennae on your head. (SInv)
Your four strong arms can wield two-handed weapons with a shield.


Message History

Unknown command.
You start resting.
HP restored.
Unknown command.
Unknown command.
You open the door.
Found a pair of embroidered gloves and 18 gold pieces.
A wight comes into view. It is wielding a +4 battleaxe.
Found a stone staircase leading down.
There is an open door here.
You close the door.
A wight breaks down the door.
You don't know any spells.
Press: ? - help, v - describe, . - travel
Here: a wight, wielding a +4 battleaxe and wearing a +0 robe The floor.
You puncture the wight! You burn the wight.
The wight is almost destroyed.
The wight hits you with a +4 battleaxe!
You feel drained.
You hit the wight but do no damage.
The wight is almost destroyed.
The wight hits you with a +4 battleaxe!
* * * LOW HITPOINT WARNING * * *
You feel drained.
* * * LOW HITPOINT WARNING * * *
Unknown command.
You hit the wight but do no damage.
The wight is almost destroyed.
The wight barely misses you.
You completely miss the wight.
The wight is almost destroyed.
The wight barely misses you. x2
You hit the wight. You burn the wight.
The wight is almost destroyed.
The wight hits you with a +4 battleaxe!
* * * LOW HITPOINT WARNING * * *
You hit the wight but do no damage.
The wight is almost destroyed.
The wight hits you with a +4 battleaxe!
You die...

........#....##.
...######....##.
...+.........'..
#.........#.. #.........#..
#.........#.. #.........#..
#.........#.. ##+####+#####
##########+# .......
#.....#....########+#.......
#.....#.............#.......
#.....#.............#.......
#.....+..@z.........#.......
#.....#.............#.....z.
#.....#...†.........#...>...
#.....#....>........'..[....
#.....#.............#.......
#.....###+####+######.......
####............... .......
#......[.......D .$.....
#............... .......
#............... ######.
#............... .
#............### .
##+########### ##


You could see a wight.

Vanquished Creatures
  A gnoll sergeant (D:9)
  A jelly (D:6)
  An iguana (D:5)
  A gnoll (D:10)
  An adder (D:4)
  A shadow imp (D:5)
  3 orcs (D:5)
  An endoplasm (D:4)
  A giant cockroach (D:4)
  3 jackals (D:5)
  A quokka (D:4)
  3 kobolds (D:7)
18 creatures vanquished.

Notes
Turn   | Place    | Note
-------+----------+-------------------------------------------
     0 | D:5      | petzl the Formicid Delver began the quest for the Orb.
     0 | D:5      | Reached XP level 1. HP: 18/18 MP: 1/1
     1 | D:6      | Noticed a jelly
     5 | D:6      | Killed a jelly
     6 | D:6      | Reached XP level 2. HP: 21/24 MP: 1/5
     6 | D:6      | Reached XP level 3. HP: 26/29 MP: 1/7
   311 | D:5      | Noticed a scorpion
   337 | D:5      | Found a snail-covered altar of Cheibriados.
   520 | D:6      | Noticed a sky beast
   606 | D:5      | Reached XP level 4. HP: 21/35 MP: 7/9
  1009 | D:5      | You fall into a shaft and drop 3 floors!
  1117 | D:8      | Noticed a hornet
  1127 | D:7      | Noticed a water moccasin
  1217 | D:9      | Found a white marble altar of Elyvilon.
  1338 | D:9      | Noticed a yak
  1342 | D:9      | Noticed a four-headed hydra
  1510 | D:7      | Noticed a sky beast
  1541 | D:6      | Noticed a black bear
  1547 | D:6      | You fall into a shaft and drop 3 floors!
  1686 | D:7      | Noticed a wyvern
  1691 | D:7      | You fall into a shaft and drop 2 floors!
  1832 | D:6      | Noticed a scorpion
  1836 | D:6      | You fall into a shaft and drop 3 floors!
  1890 | D:10     | Entered Level 10 of the Dungeon
  1963 | D:10     | Reached XP level 5. HP: 41/41 MP: 11/11
  2103 | D:9      | Slain by a wight

Illustrated notes

Levels and vault maps discovered:
D:4:      layout_cave_pools
D:5:      layout_loops_ring, mainiacjoe_overflow_alcove_2,
          minmay_temple_entry_ruins
D:6:      layout_loops_corners, mainiacjoe_overflow_concentric_impassable,
          chequers_temple_overflow_minitemple, nicolae_titane
D:7:      layout_basic, minmay_a_box_with_orc_wizards_in_it
D:8:      layout_loops_ring, mainiacjoe_overflow_paths, minmay_misc_feat_five,
          minmay_misc_feat_diagonals, minivault_4
D:9:      layout_gridville, elyvilon_altar_1
D:10:     layout_loops_cross, xom_redecorated, lemuel_crystal_altar,
          kennysheep_nondescript

Skill      XL: |  1  2  3  4 |
---------------+-------------+-----
Spellcasting   | 2 3 4 |  4.8
Fighting       | |  3.2
Maces & Flails | |  2.0
Dodging        | |  1.7
Stealth        | |  6.0

Action                     |  1- 3 |  4- 6 || total
---------------------------+-------+-------++-------
  Melee: Mace              |    29 |    48 ||    77
         Trident           |       |     6 ||     6
Ability: Shaft Self        |       |     4 ||     4
  Evoke: Wand              |       |    12 ||    12
    Use: Scroll            |     1 |     1 ||     2
   Stab: Sleeping          |       |     1 ||     1
 Armour: Leather armour    |    12 |    46 ||    58
         Ring mail         |       |     4 ||     4
  Dodge: Dodged            |    23 |    66 ||    89

Table legend: (Time is in decaauts)
 A = Elapsed time spent in this place.
 B = Non-inter-level travel time spent in this place.
 C = Inter-level travel time spent in this place.
 D = Time resting spent in this place.
 E = Time spent auto-exploring this place.
 F = Levels seen in this place.
 G = Mean time per level.
                   A        B        C        D        E       F      G
               +--------+--------+--------+--------+--------+-----+--------+
         Total |   2132 |   1992 |    140 |    499 |    123 |   7 |  304.6 |
       Dungeon |   2132 |   1992 |    140 |    499 |    123 |   7 |  304.6 |
               +--------+--------+--------+--------+--------+-----+--------+

Top non-repeatable levels by time:
     D:9: 539 daAuts
     D:5: 440 daAuts
     D:6: 434 daAuts
     D:4: 239 daAuts
     D:7: 211 daAuts
     D:8: 179 daAuts
    D:10: 87 daAuts
